Map: [ESL] Cosmic Sapphire

Players

Serral - Winner!

  • Race: Zerg Zerg
  • Spawn Location: 11:00

soO

  • Race: Zerg Zerg
  • Spawn Location: 5:00

Event: HomeStory Cup XXI

VOD

Have the link to the VOD?

Description

Time

  • Played on: July 23, 2022, 8:04 a.m.
  • Length: 16:30

All games in this series

Show
View Real Time Build Order
Export as new Build Order

Serral Zerg - Winner!

Build Orders: Hatch First, Lurkers 

Get SALT Encoding   

  12  0:00  Drone  
  13  0:12  Overlord  
  13  0:16  Drone  
  14  0:30  Drone  
  14  0:31  Drone  
  16  0:48  Hatchery  
  15  0:50  Drone  
  15  0:55  Drone  
  17  0:59  Drone  
  18  1:09  Extractor  
  17  1:14  Spawning Pool  
  17  1:16  Drone  
  17  1:19  Drone  
  18  1:28  Drone  
  19  1:38  Drone  
  20  2:00  Queen x2  
  20  2:01  Overlord, Zergling x2  
  25  2:02  Drone  
  26  2:08  Metabolic Boost  
  26  2:10  Drone  
  26  2:11  Drone  
  28  2:21  Drone  
  28  2:22  Drone  
  30  2:32  Zergling x2  
  30  2:34  Drone  
  32  2:38  Hatchery  
  32  2:42  Drone  
  32  2:48  Baneling Nest  
  32  2:50  Overlord  
  31  2:54  Zergling x2  
  31  2:55  Drone  
  33  3:03  Queen  
  35  3:06  Drone  
  35  3:10  Drone x2  
  35  3:11  Drone  
  39  3:15  Overlord  
  39  3:17  Zergling x2  
  39  3:19  Zergling x2  
  41  3:22  Zergling x2  
  41  3:25  Drone  
  43  3:27  Drone  
  44  3:34  Evolution Chamber  
  44  3:37  Drone  
  44  3:38  Drone  
  44  3:39  Drone x3  
  48  3:44  Overlord  
  48  3:45  Baneling  
  48  3:46  Drone  
  48  3:48  Drone  
  50  3:52  Drone x2  
  52  3:56  Extractor  
  52  4:00  Roach Warren, Drone  
  52  4:02  Drone  
  52  4:05  Zerg Missile Weapons Level 1  
  52  4:07  Drone  
  53  4:11  Drone x3  
  53  4:13  Drone  
  57  4:17  Overlord  
  57  4:20  Overlord  
  57  4:29  Overlord  
  57  4:30  Overlord  
  57  4:40  Roach x3  
  57  4:41  Roach x3  
  68  4:49  Roach x3  
  68  4:50  Roach x2  
  68  4:51  Overlord  
  78  4:55  Roach  
  78  4:56  Roach  
  81  5:00  Spine Crawler  
  81  5:02  Roach  
  81  5:04  Baneling  
  82  5:11  Roach  
  82  5:12  Zergling x12  
  90  5:19  Roach, Zergling x4  
  90  5:20  Roach, Zergling x4  
  96  5:25  Roach, Zergling x4  
  92  5:30  Roach  
  92  5:32  Roach  
  86  5:37  Roach  
  86  5:39  Queen  
  86  5:41  Roach  
  86  5:48  Roach  
  84  5:51  Zergling x4  
  80  6:00  Extractor, Drone x2  
  80  6:01  Drone  
  82  6:05  Drone, Lair  
  82  6:08  Extractor  
  82  6:11  Drone x2  
  82  6:12  Drone  
  82  6:16  Queen  
  82  6:17  Overlord  
  82  6:18  Drone x2  
  91  6:24  Drone x3  
  94  6:26  Overlord  
  94  6:28  Roach  
  94  6:29  Roach  
  94  6:31  Hatchery  
  96  6:38  Overlord  
  96  6:41  Overlord  
  96  6:43  Roach x4  
  96  6:44  Overlord  
  102  6:49  Overlord  
  102  6:52  Zergling x4  
  103  6:56  Drone x2  
  103  6:59  Overlord  
  105  7:04  Overseer  
  105  7:05  Drone x5  
  105  7:06  Zerg Missile Weapons Level 2  
  110  7:08  Evolution Chamber  
  110  7:09  Glial Reconstitution  
  110  7:12  Drone  
  110  7:17  Overlord  
  110  7:25  Drone x7  
  110  7:26  Drone  
  118  7:30  Roach, Extractor  
  118  7:31  Roach x2, Pneumatized Carapace, Extractor  
  118  7:34  Zerg Ground Armor Level 1  
  122  7:38  Roach x2  
  122  7:42  Baneling x3  
  126  7:46  Baneling  
  126  7:49  Drone x4  
  130  7:56  Roach x5  
  140  8:04  Roach x5  
  147  8:17  Drone  
  147  8:18  Roach x9  
  164  8:22  Queen  
  164  8:26  Overlord  
  166  8:27  Overlord x2  
  166  8:30  Overlord  
  166  8:33  Roach x2  
  170  8:40  Overseer  
  170  8:41  Tunneling Claws, Burrow  
  170  8:42  Roach  
  170  8:43  Roach x2  
  170  8:47  Extractor, Drone x3  
  178  8:50  Ravager x2  
  178  8:54  Roach x4  
  186  9:07  Roach x6  
  200  9:13  Ravager  
  200  9:15  Ravager  
  200  9:17  Spine Crawler  
  199  9:19  Spine Crawler  
  198  9:30  Zerg Ground Armor Level 2  
  194  9:35  Roach x8  
  196  9:41  Roach  
  196  9:42  Roach  
  200  9:45  Overseer  
  200  9:46  Roach  
  200  9:47  Roach  
  200  9:54  Roach x5  
  200  10:13  Infestation Pit  
  195  10:14  Roach  
  195  10:15  Roach  
  195  10:23  Roach x2  
  195  10:24  Roach x3  
  199  10:33  Roach x5  
  197  10:45  Roach x3  
  199  10:50  Extractor  
  199  10:56  Roach x10  
  199  10:57  Roach x2  
  200  11:03  Roach  
  200  11:04  Roach  
  196  11:13  Roach x2  
  200  11:21  Roach  
  200  11:25  Hive  
  196  11:27  Hydralisk Den  
  196  11:29  Spine Crawler  
  196  11:32  Ravager x5  
  197  11:38  Roach  
  200  11:40  Ravager  
  200  11:46  Roach x6  
  196  11:50  Roach  
  196  11:51  Roach x2  
  200  11:58  Roach x3  
  196  12:06  Roach x2  
  196  12:07  Roach x2  
  194  12:11  Roach  
  194  12:13  Roach x4, Lurker Den  
  199  12:34  Grooved Spines  
  193  12:44  Hydralisk x3  
  193  12:45  Overseer  
  199  12:51  Roach x4  
  199  12:54  Spine Crawler  
  199  12:55  Spine Crawler  
  199  12:56  Spine Crawler  
  199  12:58  Hydralisk x3  
  194  13:00  Zerg Missile Weapons Level 3  
  194  13:01  Zerg Ground Armor Level 3  
  200  13:08  Hatchery  
  199  13:15  Roach x10, Lurker  
  199  13:17  Hatchery  
  195  13:36  Hydralisk x2, Lurker  
  200  13:42  Roach  
  200  13:43  Roach x6  
  200  13:44  Roach x3  
  200  13:45  Roach x2, Seismic Spines, Muscular Augments  
  200  13:51  Roach x10  
  181  14:04  Hydralisk x10  
  195  14:12  Roach x2  
  187  14:25  Lurker x6  
  187  14:28  Viper x2  
  187  14:29  Viper  
  194  14:35  Extractor  
  194  14:37  Extractor, Hydralisk x4  
  200  14:41  Roach x14  
  200  14:42  Adaptive Talons  
  193  15:01  Overseer  
  193  15:03  Roach x6  
  193  15:06  Drone x2  
  193  15:07  Drone x2  
  193  15:11  Drone x2  
  193  15:13  Spore Crawler, Drone  
  197  15:15  Spine Crawler, Drone  
  194  15:23  Hydralisk x3  
  178  15:36  Hydralisk x4  
  178  15:37  Hydralisk x7  
  196  15:48  Drone  
  197  15:52  Hydralisk  
Show
View Real Time Build Order
Export as new Build Order

soO Zerg 

Build Orders: Hatch First 

Get SALT Encoding   

  12  0:00  Drone  
  13  0:11  Overlord  
  13  0:16  Drone  
  14  0:30  Drone x2  
  16  0:47  Hatchery  
  15  0:50  Drone  
  15  0:53  Drone  
  15  0:56  Drone  
  18  1:07  Extractor  
  17  1:11  Spawning Pool  
  17  1:15  Drone  
  17  1:18  Drone  
  18  1:28  Drone  
  19  1:38  Drone  
  20  1:49  Drone  
  21  1:58  Queen x2  
  21  1:59  Zergling x2  
  21  2:00  Drone  
  27  2:10  Drone, Overlord  
  27  2:11  Metabolic Boost  
  28  2:29  Drone  
  29  2:30  Drone  
  29  2:32  Hatchery  
  29  2:33  Zergling x2  
  29  2:35  Drone  
  31  2:42  Drone  
  31  2:44  Drone  
  33  2:48  Baneling Nest  
  32  2:52  Overlord  
  32  2:54  Drone  
  33  3:03  Drone  
  33  3:05  Drone x2  
  36  3:12  Drone x3  
  39  3:15  Zergling x2  
  39  3:16  Zergling x2  
  41  3:23  Drone x2  
  43  3:27  Evolution Chamber, Overlord  
  42  3:34  Zergling x2  
  42  3:39  Overlord  
  42  3:40  Drone  
  44  3:43  Roach Warren  
  44  3:47  Drone x2, Extractor  
  44  3:55  Drone  
  45  3:58  Baneling  
  45  3:59  Drone  
  46  4:05  Drone  
  47  4:11  Overlord  
  47  4:24  Roach x9  
  65  4:27  Overlord  
  65  4:29  Overlord  
  65  4:30  Roach x3  
  70  4:34  Roach  
  70  4:37  Zergling x2  
  73  4:41  Overlord  
  73  4:43  Overlord  
  73  4:45  Overlord  
  73  4:46  Ravager  
  73  4:48  Zergling x6  
  73  4:51  Zergling x2  
  73  4:52  Zergling x2  
  79  4:54  Zergling x2  
  79  4:56  Zergling x4  
  79  4:58  Zergling x2  
  83  5:07  Zergling x4  
  83  5:12  Baneling x4  
  83  5:13  Zergling x2  
  85  5:16  Zergling x4  
  85  5:20  Zergling x6  
  85  5:21  Zergling x2  
  86  5:27  Zergling x2  
  79  5:33  Zergling x6  
  79  5:34  Zergling x4  
  72  5:41  Queen  
  71  5:46  Roach x3  
  71  5:49  Roach  
  71  5:51  Roach  
  71  5:53  Roach  
  65  6:05  Roach x3  
  65  6:10  Drone x2  
  75  6:14  Drone, Zerg Ground Armor Level 1  
  76  6:19  Drone x2  
  76  6:20  Drone  
  76  6:25  Drone x3  
  80  6:26  Drone  
  80  6:27  Drone  
  80  6:30  Drone  
  83  6:34  Extractor  
  83  6:35  Drone x2, Lair  
  83  6:38  Extractor  
  83  6:41  Drone  
  83  6:44  Drone x2  
  86  6:47  Drone  
  86  6:48  Drone x2  
  89  6:54  Extractor, Drone x3  
  89  6:55  Drone x2  
  89  6:57  Drone x2  
  89  7:00  Drone  
  96  7:03  Hatchery  
  95  7:12  Drone x3  
  98  7:16  Drone x3  
  98  7:17  Roach x2  
  98  7:20  Roach x4, Extractor  
  98  7:21  Overlord  
  98  7:22  Overlord  
  112  7:25  Evolution Chamber, Overlord  
  112  7:28  Roach  
  113  7:30  Overlord  
  113  7:32  Overlord  
  113  7:34  Glial Reconstitution  
  113  7:39  Overlord  
  113  7:41  Roach x2  
  116  7:45  Roach x3  
  116  7:46  Overseer  
  122  7:52  Roach x3  
  122  7:54  Overseer  
  128  8:00  Roach  
  128  8:01  Roach x4  
  138  8:06  Ravager  
  138  8:07  Ravager  
  138  8:12  Zerg Missile Weapons Level 1  
  128  8:13  Drone x4  
  128  8:18  Drone x7  
  137  8:21  Ravager x2  
  139  8:36  Roach x9  
  157  8:42  Overlord  
  157  8:43  Roach x2  
  157  8:47  Ravager x2  
  163  8:52  Overlord x2  
  163  8:56  Overlord  
  162  9:03  Roach x6  
  173  9:10  Overlord  
  173  9:11  Roach x4  
  183  9:17  Roach x3  
  187  9:28  Roach x6  
  199  9:33  Roach x4  
  191  9:41  Roach x5  
  199  9:46  Drone  
  199  9:49  Pneumatized Carapace  
  200  10:04  Infestation Pit, Overseer  
  199  10:12  Zerg Missile Weapons Level 2  
  193  10:16  Roach x3  
  193  10:17  Roach  
  197  10:21  Roach  
  197  10:23  Roach x2  
  197  10:26  Spine Crawler  
  197  10:27  Roach  
  200  10:29  Roach  
  200  10:33  Roach x5  
  199  10:36  Drone  
  199  10:41  Overseer  
  198  10:56  Roach x3  
  200  11:02  Spine Crawler  
  187  11:12  Roach x6  
  199  11:18  Spine Crawler  
  199  11:20  Overseer  
  198  11:28  Ravager x2  
  200  11:36  Spine Crawler  
  200  11:37  Hive  
  197  11:48  Roach, Ravager  
  199  12:03  Drone  
  200  12:28  Roach x2  
  200  12:29  Roach  
  188  12:38  Burrow  
  186  12:45  Roach x7  
  186  12:50  Zerg Ground Armor Level 2  
  200  12:56  Hydralisk Den  
  200  12:58  Extractor  
  198  12:59  Extractor  
  198  13:05  Drone x3  
  200  13:06  Spine Crawler  
  200  13:12  Zerg Missile Weapons Level 3  
  199  13:20  Hatchery  
  199  13:21  Queen  
  200  13:27  Spine Crawler  
  200  13:32  Drone  
  200  13:33  Grooved Spines  
  200  13:35  Lurker Den  
  200  13:38  Overseer  
  195  14:01  Roach x11  
  190  14:03  Roach x3  
  169  14:10  Roach x15  
  169  14:15  Queen, Drone x2  
  194  14:30  Drone x3  
  194  14:31  Drone  
  197  14:33  Seismic Spines  
  197  14:40  Drone x3  
  200  14:56  Nydus Network  
  195  15:05  Hydralisk  
  195  15:06  Overlord  
  197  15:11  Spore Crawler  
  197  15:12  Spore Crawler  
  195  15:20  Hydralisk x3  
  195  15:21  Hydralisk  
  191  15:31  Adaptive Talons  
  191  15:33  Hydralisk  
  191  15:34  Hydralisk x2  
  173  15:44  Hydralisk x5, Nydus Canal  
  173  15:47  Roach x2, Lurker x2  
  173  15:48  Overlord, Lurker  
  188  15:50  Overlord, Overseer  
  182  15:58  Hydralisk x2  
  182  16:03  Roach x8  
  170  16:04  Roach x5  
  170  16:05  Overlord  
  170  16:07  Overlord  
Tags
 
Add a new tag
Caveats
  • Supply blocks, unpowered buildings, or Contaminate may cause inaccurate times.
  • Supply counts are checked every 10 seconds.